 Dungeon Crawl Stone Soup version 0.29.1-15-g9cfb28693d (webtiles) character file.

Game seed: 9757055013785930289

13024 Peloso the Carver (level 11, -10/101 HPs)
             Began as a Minotaur Fighter on Feb 25, 2023.
             Was an Elder of Okawaru.
             Mangled by a dire elephant simulacrum (19 damage)
             ... in an ice cave.
             The game lasted 00:30:50 (15532 turns).

Peloso the Carver (Minotaur Fighter)               Turns: 15532, Time: 00:30:51

Health: -10/101    AC: 16    Str: 24    XL:     11   Next: 70%
Magic:  9/11       EV: 11    Int:  5    God:    Okawaru [****..]
Gold:   451        SH:  7    Dex: 11    Spells: 10/10 levels left

rFire   . . .      SeeInvis .   a - +1 long sword
rCold   . . .      Faith    .   d - +0 buckler
rNeg    + . .      Spirit   .   z - +1 chain mail {rN+}
rPois   .          Reflect  .   (helmet restricted)
rElec   .          Harm     .   q - +0 cloak
rCorr   .          Rampage  .   (no gloves)
Will    .....                   (no boots)
Stlth   ..........              (no amulet)
HPRegen 0.26/turn               C - ring of flight
MPRegen 0.12/turn               (no ring)

@: heroic, flying
A: horns 2, retaliatory headbutt
a: Renounce Religion, Heroism, Finesse


You were in an ice cave.
You worshipped Okawaru.
Okawaru was greatly pleased with you.
You visited 2 branches of the dungeon, and saw 12 of its levels.
You also visited: Bailey and Ice Cave.

You collected 541 gold pieces.
You spent 90 gold pieces at shops.

Inventory:

Hand Weapons
 a - a +1 long sword (weapon)
 b - a +1 long sword of holy wrath
 c - the +7 dagger "Puzxidgh" {freeze, rPois rF- rC+++ Int+2}
   (You took it off an orc knight in a bailey)

   It freezes those it strikes, dealing additional cold damage.
   It can also slow down cold-blooded creatures.
   Int:       It affects your intelligence (+2).
   rF:        It makes you vulnerable to fire.
   rC:        It renders you almost immune to cold.
   rPois:     It protects you from poison.
Missiles
 l - 4 throwing nets (quivered)
Armour
 d - a +0 buckler (worn)
 p - a +0 plate armour
 q - a +0 cloak (worn)
 z - a +1 chain mail of positive energy (worn)
Jewellery
 B - a ring of magical power
 C - a ring of flight (left hand)
Wands
 j - a wand of iceblast (9)
 v - a wand of flame (4)
Scrolls
 f - 4 scrolls of immolation
 g - a scroll of teleportation
 m - 5 scrolls of fear
 s - 3 scrolls of enchant armour
 u - a scroll of brand weapon
 w - 2 scrolls of enchant weapon
 x - a scroll of amnesia
 y - 2 scrolls of identify
 D - 2 scrolls of magic mapping {unknown}
Potions
 e - 3 potions of might
 h - a potion of flight
 i - 2 potions of resistance
 k - 3 potions of cancellation
 n - a potion of mutation
 o - a potion of brilliance
Miscellaneous
 t - a phial of floods


   Skills:
 + Level 10.9(15.9) Fighting
 + Level 14.4(19.4) Long Blades
 + Level 11.4(16.4) Armour
 + Level 4.0(9.0) Dodging
 + Level 1.2(6.2) Stealth
 + Level 7.8(12.8) Shields
 + Level 2.0 Invocations
 + Level 1.5 Evocations


You had 10 spell levels left.
You didn't know any spells.
Your spell library contained the following spells:

 Spells                   Type           Power      Damage    Failure   Level
 Apportation              Tloc           0%         N/A       94%         1
 Magic Dart               Conj           0%         1d3       94%         1
 Slow                     Hex            0%         N/A       94%         1
 Confusing Touch          Hex            0%         N/A       100%        3
 Inner Flame              Hex/Fire       0%         N/A       100%        3
 Mephitic Cloud           Conj/Pois/Air  0%         N/A       100%        3
 Vampiric Draining        Necr           0%         2d6       100%        3
 Cause Fear               Hex            0%         N/A       100%        4
 Alistair's Intoxication  Tmut/Pois      0%         N/A       100%        5
 Discord                  Hex            0%         N/A       100%        8
 Call Imp                 Summ           Unusable   N/A       N/A         2

Dungeon Overview and Level Annotations

Branches:
Dungeon (11/15)            Temple (1/1) D:5            Lair (0/5) D:11
 Bailey (visited)           IceCv (1/1)
    Orc: D:9-12

Altars:
Ashenzari
Cheibriados
Dithmenos
Elyvilon
Fedhas
Gozag
Hepliaklqana
Kikubaaqudgha
Makhleb
Okawaru
Qazlal
Ru
Sif Muna
Trog
Uskayaw
Wu Jian
Xom
Yredelemnul
Zin
The Shining One

Shops:
D:7 ?

Annotations:
D:7 2 transporters, waddelsworth's ghost, novice TrBe


Innate Abilities, Weirdness & Mutations

You have a pair of horns on your head.
You reflexively headbutt those who attack you in melee.


Message History

The anaconda simulacrum bites you. The anaconda simulacrum freezes you!
The anaconda simulacrum constricts you.
The dire elephant simulacrum tramples you but does no damage.
The dire elephant simulacrum trunk-slaps you but does no damage.
You hit the anaconda simulacrum.
Your headbutt misses the anaconda simulacrum.
The anaconda simulacrum is almost destroyed.
The anaconda simulacrum bites you but does no damage.
The anaconda simulacrum constricts you. The anaconda simulacrum bites you.
The anaconda simulacrum freezes you!!
* * * LOW HITPOINT WARNING * * *
The anaconda simulacrum constricts you.
* * * LOW HITPOINT WARNING * * *
You closely miss the anaconda simulacrum.
The anaconda simulacrum is almost destroyed.
The dire elephant simulacrum tramples you but does no damage.
The dire elephant simulacrum trunk-slaps you but does no damage.
The anaconda simulacrum bites you but does no damage.
The anaconda simulacrum constricts you.
* * * LOW HITPOINT WARNING * * *
You slash the anaconda simulacrum!
The anaconda simulacrum vaporises!
Okawaru accepts your kill.
The dire elephant simulacrum tramples you but does no damage.
The dire elephant simulacrum trunk-slaps you but does no damage.
Unknown command.
You slash the dire elephant simulacrum!
The dire elephant simulacrum is moderately damaged.
Unknown command.
You hit the dire elephant simulacrum but do no damage.
The dire elephant simulacrum is moderately damaged.
You block the dire elephant simulacrum's attack.
The dire elephant simulacrum trunk-slaps you but does no damage.
The dire elephant simulacrum tramples you!
* * * LOW HITPOINT WARNING * * *
You hold your ground!
The dire elephant simulacrum trunk-slaps you.
* * * LOW HITPOINT WARNING * * *
The dire elephant simulacrum freezes you!!
You die...

# .#
###..#
##...⌠..
##.....#
#ZZ# #.@#
##
#.####.##
#?.#....#
##......#
#.○§###..#
##°###
#§#.##
##§..##
###
##.§...#


You could see 2 dire elephant simulacra.

Vanquished Creatures
  Harold (D:10)
  2 two-headed ogres
  An orc knight (Bailey)
  Pikel (D:8)
  An ugly thing (D:10)
  An anaconda simulacrum (IceCv)
  A troll (shapeshifter) (D:10)
  A troll (D:11)
  Grinder (D:5)
  2 hornets
  A shadow (D:10)
  A wyvern (D:9)
  20 yaks
  3 wraiths
  4 vampire mosquitoes (D:11)
  2 wargs (D:11)
  2 water moccasins
  2 sky beasts
  13 orc warriors
  A black bear (D:6)
  2 centaurs
  2 ogres
  3 phantoms
  2 bullfrogs
  2 kobold brigands (D:7)
  2 necrophages
  2 gnoll sergeants
  2 scorpions (D:5)
  5 wights (D:8)
  5 howler monkeys (D:9)
  2 hounds
  4 jellies
  6 orc priests
  5 iguanas
  6 orc wizards
  3 troll simulacra (IceCv)
  A spriggan simulacrum (IceCv)
  12 gnolls
  6 adders
  A naga simulacrum (IceCv)
  2 shadow imps (D:7)
  2 white imps (D:6)
  An ufetubus (D:5)
  4 worms
  5 dart slugs
  65 orcs
  4 ball pythons
  6 endoplasms
  4 giant cockroaches
  15 goblins
  8 hobgoblins
  3 jackals
  2 quokkas
  9 bats
  7 frilled lizards
  15 kobolds
  8 rats
294 creatures vanquished.

Vanquished Creatures (others)
  A kobold (D:7)
1 creature vanquished.

Grand Total: 295 creatures vanquished

Notes
Turn   | Place    | Note
-------+----------+-------------------------------------------
     0 | D:1      | Peloso the Minotaur Fighter began the quest for the Orb.
     0 | D:1      | Reached XP level 1. HP: 19/19 MP: 0/0
   101 | D:1      | Reached XP level 2. HP: 27/27 MP: 1/1
   562 | D:1      | Found a faded altar of an unknown god.
   693 | D:2      | Reached XP level 3. HP: 33/33 MP: 2/2
   900 | D:2      | Reached skill level 3 in Long Blades
   986 | D:2      | Reached XP level 4. HP: 40/40 MP: 3/3
  1520 | D:3      | Reached skill level 4 in Long Blades
  1538 | D:3      | Reached XP level 5. HP: 38/47 MP: 4/4
  1983 | D:3      | Identified the +1 leather armour "Osimoaf" {Rampage Str+4}
  2592 | D:4      | Reached skill level 5 in Fighting
  2901 | D:4      | Noticed a phantom
  2902 | D:4      | Reached skill level 1 in Dodging
  2928 | D:4      | Killed a phantom
  2929 | D:4      | Reached skill level 5 in Long Blades
  2929 | D:4      | Reached XP level 6. HP: 25/56 MP: 5/5
  3514 | D:5      | Entered Level 5 of the Dungeon
  3514 | D:5      | Found a snail-covered altar of Cheibriados.
  3750 | D:5      | Reached skill level 5 in Armour
  3773 | D:5      | Found an ornate altar of the Wu Jian Council.
  3776 | D:5      | Found a shadowy altar of Dithmenos.
  3776 | D:5      | Found a burning altar of Makhleb.
  3784 | D:5      | Found an ancient bone altar of Kikubaaqudgha.
  3990 | D:5      | Reached skill level 6 in Long Blades
  4145 | D:5      | Reached XP level 7. HP: 39/61 MP: 6/6
  4308 | D:5      | Found a staircase to the Ecumenical Temple.
  4342 | Temple   | Entered the Ecumenical Temple
  4511 | Temple   | Became a worshipper of Warmaster Okawaru
  4564 | D:5      | Reached skill level 7 in Long Blades
  4612 | D:5      | Reached skill level 5 in Shields
  4820 | D:5      | Noticed Grinder
  4830 | D:5      | Killed Grinder
  4830 | D:5      | Reached * piety under Okawaru
  4831 | D:5      | Reached XP level 8. HP: 70/70 MP: 7/7
  4854 | D:5      | Reached skill level 8 in Long Blades
  5492 | D:6      | Noticed a hornet
  5501 | D:6      | Killed a hornet
  5502 | D:6      | Reached skill level 9 in Long Blades
  5990 | D:6      | Reached ** piety under Okawaru
  6843 | D:7      | Reached XP level 9. HP: 10/78 MP: 8/8
  7326 | D:7      | Found a transporter.
  7333 | D:7      | Noticed waddelsworth's ghost (novice TrBe)
  7336 | D:7      | Noticed a two-headed ogre
  7713 | D:7      | Found Litetol's Magic Scroll Shop.
  7725 | D:7      | Bought 3 scrolls of identify for 90 gold pieces
  7784 | D:7      | Reached skill level 10 in Long Blades
  8150 | D:7      | Found a transporter.
  8579 | D:8      | Noticed Pikel
  8595 | D:8      | Killed Pikel
  8815 | D:8      | Reached *** piety under Okawaru
  8816 | D:8      | Reached skill level 11 in Long Blades
  9838 | D:9      | Noticed a two-headed ogre
  9841 | D:9      | Reached skill level 1 in Stealth
  9851 | D:9      | Killed a two-headed ogre
  9852 | D:9      | Reached XP level 10. HP: 53/89 MP: 9/9
  9861 | D:9      | Reached **** piety under Okawaru
 10300 | D:9      | Reached skill level 12 in Long Blades
 10352 | D:9      | Found a flagged portal.
 10359 | Bailey   | Entered a bailey
 10684 | Bailey   | Reached skill level 10 in Armour
 11056 | Bailey   | Identified the +7 dagger "Puzxidgh" {freeze, rPois rF-
                  | rC+++ Int+2}
 11056 | Bailey   | Noticed an orc knight
 11064 | Bailey   | Killed an orc knight
 11065 | Bailey   | Reached skill level 1 in Invocations
 11065 | Bailey   | Reached skill level 1 in Evocations
 11817 | D:10     | Entered Level 10 of the Dungeon
 11861 | D:10     | Reached skill level 13 in Long Blades
 11876 | D:9      | HP: 4/92 [poisoned by an orc wizard]
 12367 | D:9      | Reached XP level 11. HP: 67/99 MP: 10/10
 13236 | D:10     | Noticed Harold
 13249 | D:10     | Killed Harold
 13405 | D:10     | Found a hide-covered altar of Uskayaw.
 13405 | D:10     | Found a broken altar of Ashenzari.
 13493 | D:10     | Found a bloodstained altar of Trog.
 13493 | D:10     | Found a white marble altar of Elyvilon.
 13570 | D:10     | Noticed a red ugly thing
 13587 | D:10     | Killed a red ugly thing
 13587 | D:10     | Reached ***** piety under Okawaru
 13588 | D:10     | Reached skill level 10 in Fighting
 13592 | D:10     | Identified the +3 hand crossbow "Beetleslayer" {vorpal,
                  | Fragile Str+6 SInv} (Okawaru gifted it to you on level 10
                  | of the Dungeon)
 13592 | D:10     | Received a gift from Okawaru
 13619 | D:10     | Reached skill level 14 in Long Blades
 13930 | D:10     | Noticed a two-headed ogre
 13942 | D:10     | Killed a two-headed ogre
 14413 | D:11     | Found a staircase to the Lair.
 14451 | D:11     | HP: 3/101 [orc priest/divine providence (12)]
 14490 | D:11     | Found a frozen archway.
 14499 | IceCv    | Entered an ice cave
 14511 | IceCv    | HP: 3/101 [troll simulacrum (7)]
 15117 | IceCv    | HP: 2/101 [something (14)]
 15532 | IceCv    | Mangled by a dire elephant simulacrum

Illustrated notes

Levels and vault maps discovered:
D:1:      minmay_arrival_open_corners, layout_basic,
          shapermc_ecumenical_altar_pompeii, minmay_split_cup_large
D:2:      layout_loops_ring
D:3:      layout_basic
D:4:      layout_basic
D:5:      layout_layer_cave, nicolae_overflow_hallway_of_the_gods,
          minmay_temple_entry_tees, minmay_circle_x, uniq_grinder
D:6:      layout_cave_pods
D:7:      layout_basic, serial_shops, nicolae_diamond_shop,
          gammafunk_ghost_smash, hex_large
D:8:      layout_basic, uniq_pikel
D:9:      layout_basic, enter_bailey_4, serial_bayou_crossing
D:10:     layout_loops_ring, gammafunk_temple_overflow_statue,
          gammafunk_temple_overflow_elements, st_stairs_11, minmay_microvault,
          uniq_harold
D:11:     layout_small_grid, erik_lair_orcish_takeover,
          portal_ice_cave_entry_pillars_1, ebering_dispersal_statue_hall,
          minmay_joined_circles
Temple:   nicolae_temple_figure_eight
IceCv:    ice_cave_caverns_02

Skill      XL: |  1  2  3  4  5  6  7  8  9 10 11 |
---------------+----------------------------------+-----
Armour         | 4 5 6 7 9 10 11 | 11.4
Fighting       | 4 5 6 8 9 10 | 10.9
Shields        | 4 5 6 7 |  7.8
Long Blades    | 3 4 5 6 7 9 11 13 14 | 14.4
Dodging        | 1 2 3 4 |  4.0
Stealth        | 1 |  1.2
Invocations    | 1 2 |  2.0
Evocations     | 1 |  1.5

Action                   |  1- 3 |  4- 6 |  7- 9 | 10-12 || total
-------------------------+-------+-------+-------+-------++-------
Melee: Long sword        |    84 |   186 |   350 |   468 ||  1088
       Headbutt          |    11 |    23 |    65 |   114 ||   213
Invok: Heroism           |       |       |     6 |    26 ||    32
       Finesse           |       |       |       |     1 ||     1
Evoke: Wand              |       |       |     3 |    13 ||    16
  Use: Scroll            |     4 |     5 |     9 |     1 ||    19
       Potion            |       |     3 |     3 |     3 ||     9
Armor: Scale mail        |    41 |       |       |       ||    41
       Chain mail        |    20 |   110 |   195 |   100 ||   425
       Plate armour      |       |       |       |    87 ||    87
Dodge: Dodged            |    46 |    82 |   122 |   172 ||   422
Block: Buckler           |    23 |    46 |    88 |   102 ||   259
